 Dungeon Crawl Stone Soup version 0.31-a0-240-gb923e448b6 (webtiles) character file.

Game seed: 12263274343931593422

310 qw the Shooter (level 6, -1/37 HPs)
             Began as a Gargoyle Hexslinger on July 11, 2023.
             Slain by a gnoll sergeant
             ... wielding a +0 trident
              (4 damage)
             ... on level 5 of the Dungeon.
             The game lasted 00:01:27 (3215 turns).

qw the Shooter (Gargoyle Hexslinger)                Turns: 3215, Time: 00:01:28

Health: -1/37      AC: 13    Str: 11    XL:     6   Next: 41%
Magic:  0/7        EV: 10    Int: 14    God:
Gold:   140        SH:  0    Dex: 14    Spells: 6/7 levels left

rFire   . . .        Y - +1 sling
rCold   . . .        (no shield)
rNeg    + . .        e - +0 ring mail
rPois   inf          (no helmet)
rElec   +            (no cloak)
rCorr   .            l - +0 pair of gloves of Boredom {Will+}
SInv    .            b - +2 pair of boots
Will    +....        k - amulet of guardian spirit
Stlth   +            (no ring)
HPRegen 0.26/turn    (no ring)
MPRegen 0.10/turn

%: guardian spirit
@: no status effects
A: sickness immunity, AC +4, negative energy resistance 1, electricity
resistance, torment resistance 1, petrification resistance
a: no special abilities


You were on level 5 of the Dungeon.
You visited 1 branch of the dungeon, and saw 5 of its levels.

You collected 140 gold pieces.


Innate Abilities, Weirdness & Mutations

You are immune to sickness and miasma.
Your stone body is resilient. (AC +4)
You are immune to poison.
You resist negative energy. (rN+)
You are resistant to electric shocks. (rElec)
You are resistant to unholy torment.
You are immune to petrification.


   Skills:
 - Level 3.0 Fighting
 + Level 5.8 Ranged Weapons
 - Level 1.0 Armour
 - Level 1.5 Dodging
 - Level 1.0 Spellcasting
 - Level 2.6 Hexes


You had 6 spell levels left.
You knew the following spells:

 Your Spells              Type           Power      Damage    Failure   Level
a - Slow                  Hex            32%        N/A       21%         1

Your spell library contained the following spells:

 Spells                   Type           Power      Damage    Failure   Level
 Inner Flame              Hex/Fire       4%         N/A       71%         3
 Portal Projectile        Hex/Tloc       8%         N/A       71%         3
 Cause Fear               Hex            4%         N/A       90%         4

Inventory:

Hand Weapons
 Y - a +1 sling (weapon)
Armour
 b - a +2 pair of boots (worn)
 e - a +0 ring mail (worn)
 l - the +0 pair of gloves of Boredom (worn) {Will+}
   (You acquired it on level 3 of the Dungeon)

   Will:      It increases your willpower.
Jewellery
 k - an amulet of guardian spirit (around neck)
Scrolls
 a - 2 scrolls of identify
Potions
 c - a potion of mutation
 h - a potion of haste {unknown}
 i - 3 potions of curing
 j - a potion of brilliance {unknown}
 m - a potion of enlightenment {unknown}

Dungeon Overview and Level Annotations

Branches:
Dungeon (5/15)
 Temple: D:4-7

Altars:
Cheibriados
Vehumet

Annotations:
D:3 1 runed translucent door, Crazy Yiuf


Message History

The hound barely misses you.
The gnoll sergeant hits you but does no damage.
The hound bites you but does no damage. The gnoll sergeant closely misses you.
You shoot a sling bullet. The gnoll shouts! x2
The sling bullet hits the hound!
The hound is almost dead.
The hound completely misses you. The hound misses you.
The gnoll sergeant barely misses you. The iguana bites you.
The iguana bites you!
You shoot a sling bullet. The sling bullet hits the hound.
You kill the hound!
The gnoll sergeant misses you. The iguana closely misses you.
The iguana bites you but does no damage.
You shoot a sling bullet.
The sling bullet closely misses the iguana.
The sling bullet hits the gnoll sergeant.
The gnoll sergeant is severely wounded.
The gnoll sergeant hits you but does no damage.
The iguana bites you.
The iguana bites you but does no damage.
The iguana bites you. The iguana barely misses you.
The gnoll sergeant hits you from afar with a +0 trident.
You shoot a sling bullet.
The sling bullet closely misses the iguana.
The sling bullet closely misses the gnoll sergeant.
The gnoll hits you but does no damage.
The gnoll sergeant hits you from afar with a +0 trident.
The iguana misses you. The iguana barely misses you.
You shoot a sling bullet.
The sling bullet hits the iguana but does no damage.
The iguana bites you but does no damage. x2
The gnoll sergeant hits you from afar with a +0 trident.
You shoot a sling bullet.
The sling bullet barely misses the iguana.
The sling bullet barely misses the gnoll sergeant.
The gnoll hits you but does no damage. The gnoll closely misses you.
The iguana bites you!
The gnoll sergeant hits you from afar with a +0 trident.
You die...

#### ..# #.#
#.#########
#.........###
##.#######@g.#
##........lgl..#
#...#######.gg....#
8........#
.........
..###....:.
......... ##....##
.......... ##....
..........
#................
#.##.##


You could see a gnoll sergeant, 2 iguanas and 3 gnolls.

Vanquished Creatures
  A scorpion (D:4)
  2 hounds
  An iguana (D:2)
  An orc wizard (D:3)
  5 gnolls
  An adder (D:3)
  3 worms
  2 dart slugs
  5 orcs (D:3)
  5 endoplasms
  4 giant cockroaches
  11 goblins
  5 hobgoblins
  4 jackals (D:1)
  2 quokkas
  6 ball pythons
  4 bats
  3 frilled lizards
  7 kobolds
  2 rats
74 creatures vanquished.

Notes
Turn   | Place    | Note
-------+----------+-------------------------------------------
     0 | D:1      | qw the Gargoyle Hexslinger began the quest for the Orb.
     0 | D:1      | Reached XP level 1. HP: 12/12 MP: 2/2
     0 | D:1      | 0 ||| qw: Version: 0.3-a-52-g30416fa
     0 | D:1      | 0 ||| qw: Game counter: 6090
     0 | D:1      | 0 ||| qw: Melee chars always use a shield: true
     0 | D:1      | 0 ||| qw: God list: Okawaru
     0 | D:1      | 0 ||| qw: Allow faded altars: false
     0 | D:1      | 0 ||| qw: Do Orc after clearing Dungeon:15 true
     0 | D:1      | 0 ||| qw: Do second Lair branch before Depths: true
     0 | D:1      | 0 ||| qw: Lair rune preference: random
     0 | D:1      | 0 ||| qw: Goals: Normal
     0 | D:1      | 0 ||| PLANNING D:1-11
    34 | D:1      | Reached XP level 2. HP: 6/16 MP: 3/3
   163 | D:1      | Reached skill level 3 in Ranged Weapons
   466 | D:1      | Reached XP level 3. HP: 21/21 MP: 4/4
   596 | D:1      | Found Puberos's Antique Weapon Shoppe.
   697 | D:1      | 697 ||| UPGRADING to +0 ring mail.
   707 | D:1      | 707 ||| DROPPING +0 robe.
   708 | D:1      | 708 ||| READING 2 scrolls labelled ANIESH MEEHYSU.
   709 | D:1      | 709 ||| READING scroll labelled FINA BAQEK.
   710 | D:1      | 710 ||| READING scroll labelled LOLAPP QEOTI.
   711 | D:1      | 711 ||| READING scroll labelled AXKUDA FEWUA.
   712 | D:1      | 712 ||| DROPPING scroll of poison.
   992 | D:2      | Found a snail-covered altar of Cheibriados.
  1128 | D:2      | HP: 4/21 [iguana (4)]
  1132 | D:2      | Reached skill level 4 in Ranged Weapons
  1132 | D:2      | Reached XP level 4. HP: 7/26 MP: 5/5
  1553 | D:2      | 1553 ||| UPGRADING to +0 pair of boots.
  1558 | D:2      | 1558 ||| READING 2 scrolls of enchant armour.
  1558 | D:2      | 1558 ||| ENCHANTING +0 pair of boots.
  1559 | D:2      | 1559 ||| READING scroll of enchant armour.
  1559 | D:2      | 1559 ||| ENCHANTING +1 pair of boots.
  1560 | D:2      | 1560 ||| READING scroll labelled EREFUM KAORA.
  1561 | D:2      | 1561 ||| DRINKING 2 pink potions.
  1680 | D:3      | Reached skill level 1 in Armour
  1692 | D:3      | HP: 6/26 [orc/+0 trident (5)]
  1692 | D:3      | HP: 2/26 [orc wizard/puff of flame (4)]
  1695 | D:3      | Reached XP level 5. HP: 2/30 MP: 6/6
  1700 | D:3      | HP: 1/30 [orc/+0 trident (2)]
  1817 | D:3      | Found a radiant altar of Vehumet.
  1891 | D:3      | Found a faded altar of an unknown god.
  1936 | D:3      | Found a runed translucent door.
  1937 | D:3      | Noticed Crazy Yiuf
  2450 | D:3      | 2450 ||| UPGRADING to amulet of guardian spirit.
  2455 | D:3      | 2455 ||| READING 2 scrolls labelled CUCKOME MINEB.
  2512 | D:3      | 2512 ||| READING scroll labelled JITONO XEIDAWU.
  2512 | D:3      | Identified a scroll of acquirement
  2512 | D:3      | 2512 ||| ACQUIRING +0 pair of gloves of Boredom {Will+}
  2512 | D:3      | Acquired the +0 pair of gloves of Boredom {Will+}
  2514 | D:3      | 2514 ||| UPGRADING to +0 pair of gloves of Boredom {Will+}.
  2519 | D:3      | 2519 ||| DRINKING 2 glowing clear potions.
  2520 | D:3      | 2520 ||| READING 3 scrolls of identify.
  2520 | D:3      | 2520 ||| IDENTIFYING amethyst potion
  2521 | D:3      | 2521 ||| READING 2 scrolls of identify.
  2521 | D:3      | 2521 ||| IDENTIFYING viscous dark potion
  2522 | D:3      | 2522 ||| DROPPING potion of magic.
  2665 | D:4      | Reached skill level 5 in Ranged Weapons
  2859 | D:4      | Reached XP level 6. HP: 36/36 MP: 5/7
  3006 | D:4      | Reached skill level 3 in Fighting
  3050 | D:4      | 3050 ||| READING 2 scrolls labelled SEUNOH ZENIMUR.
  3051 | D:4      | 3051 ||| DROPPING scroll of immolation.
  3075 | D:5      | Entered Level 5 of the Dungeon
  3076 | D:5      | 3076 ||| PLANNING SEWER
  3078 | D:5      | 3078 ||| STAIRDANCE
  3138 | D:5      | HP: 7/37 [gnoll sergeant/+0 trident (4)]
  3139 | D:5      | 3139 ||| READING scroll of teleportation.
  3140 | D:5      | 3140 ||| DRINKING potion of heal wounds.
  3215 | D:5      | HP: 3/37 [iguana (10)]
  3215 | D:5      | Slain by a gnoll sergeant

Levels and vault maps discovered:
D:1:      roderic_crossed_star, layout_loops_cross, serial_shops,
          nicolae_shop_real_fake_doors, minmay_misc_feat_columns
D:2:      layout_basic, basic_altar, st_stairs_4
D:3:      layout_basic, nicolae_vehumet_radiance, ebering_ecumenical_altar_rust,
          palyth_stone_intersect, uniq_crazy_yiuf_cottage
D:4:      layout_basic
D:5:      cheibrodos_barr_body, layout_rooms, portal_sewer_entry_f,
          nicolae_grassy_gnolls

Skill      XL: |  1  2  3  4  5  6 |
---------------+-------------------+-----
Ranged Weapons | 3 4 5 |  5.8
Fighting       | 2 3 |  3.0
Armour         | 1 |  1.0
Dodging        | |  1.5
Spellcasting   | |  1.0
Hexes          | |  2.6

Action                     |  1- 3 |  4- 6 || total
---------------------------+-------+-------++-------
   Fire: Sling             |   193 |   177 ||   370
    Use: Scroll            |     4 |     9 ||    13
         Potion            |       |     3 ||     3
 Armour: Robe              |    24 |       ||    24
         Ring mail         |    30 |    74 ||   104
  Dodge: Dodged            |    79 |    88 ||   167

Table legend:
 A = Non-vault XP
 B = Vault XP
 C = Vault XP percentage of total XP
 D = Non-vault monster count
 E = Vault monster count
 F = Vault count percentage of total count
                 A         B        C        D         E       F
            +---------+---------+-------+---------+---------+-------
      Total |     441 |       3 |   0.7 |      72 |       2 |   2.7
            +---------+---------+-------+---------+---------+-------
        D:1 |      43 |       0 |   0.0 |      24 |       0 |   0.0
        D:2 |      70 |       3 |   4.1 |      16 |       2 |  11.1
        D:3 |      82 |       0 |   0.0 |      17 |       0 |   0.0
        D:4 |     191 |       0 |   0.0 |      13 |       0 |   0.0
        D:5 |      55 |       0 |   0.0 |       2 |       0 |   0.0
            +---------+---------+-------+---------+---------+-------
